 Dungeon Crawl Stone Soup version 0.23-a0-143-g1adec7b (console) character file.

1605 Goblin1989 the Shield-Bearer (level 8, -2/67 HPs)
             Began as a Gnoll Fighter on Sept 4, 2018.
             Slain by a vampire (7 damage)
             ... on level 5 of the Dungeon.
             The game lasted 00:15:41 (5841 turns).

Goblin1989 the Shield-Bearer (Gnoll Fighter)        Turns: 5841, Time: 00:15:42

Health: -2/67      AC:  9    Str: 27    XL:     8   Next: 94%
Magic:  13/13      EV: 11    Int: 10    God:
Gold:   220        SH:  0    Dex: 14    Spells: 14/14 levels left

rFire    . . .     SeeInvis .   a - +0 war axe
rCold    . . .     Gourm    .   c - +0 shield
rNeg     + . .     Faith    .   I - +0 scale mail
rPois    .         Spirit   .   B - +0 helmet
rElec    .         Reflect  .   (no cloak)
rCorr    .         Harm     .   (no gloves)
MR       .....                  (no boots)
Stlth    +.........             p - amulet of magic regeneration
HPRegen  0.21/turn              C - ring of positive energy (curse)
MPRegen  0.38/turn              x - ring of stealth

@: confused, mighty
A: distributed training, fangs 1, strong nose
a: no special abilities


You were on level 5 of the Dungeon.
You were not hungry.

You visited 1 branch of the dungeon, and saw 5 of its levels.

You collected 220 gold pieces.

Inventory:

Hand Weapons
 a - a +0 war axe (weapon)
 b - a +1 whip of flaming
Missiles
 y - 35 bolts
 z - 6 tomahawks (quivered)
 G - 117 stones {@Q3}
Armour
 c - a +0 shield (worn)
 B - a +0 helmet (worn)
 I - a +0 scale mail (worn)
 N - a +2 buckler
 Q - a +0 chain mail
Jewellery
 p - an amulet of magic regeneration (around neck)
 x - a ring of stealth (right hand)
 C - a cursed ring of positive energy (left hand)
 K - an uncursed ring of flight {unknown}
 M - a +4 ring of dexterity {unknown}
 P - a cursed ring of attention {unknown}
Wands
 F - a wand of clouds (2) {@v3}
Scrolls
 h - a scroll of enchant weapon {unknown}
 i - 3 scrolls of teleportation {unknown}
 l - 3 scrolls of remove curse {unknown}
 q - 5 scrolls of identify {unknown}
 r - a scroll of noise {unknown}
 s - a scroll of amnesia {unknown}
 t - 2 scrolls of fog {unknown}
 v - a scroll of magic mapping {unknown}
 w - a scroll of blinking {unknown}
 H - a scroll of fear {unknown}
Potions
 g - a potion of lignification
 j - a potion of magic
 n - a potion of curing {unknown}
 o - a potion of haste {unknown}
 E - a potion of invisibility {unknown}
 J - a potion of degeneration {unknown}
Comestibles
 e - 10 rations
 O - 2 chunks of flesh


   Skills:
 + Level 7.5 Fighting
 + Level 3.6 Short Blades
 + Level 3.6 Long Blades
 + Level 5.9 Axes
 + Level 3.6 Maces & Flails
 + Level 3.6 Polearms
 + Level 3.6 Staves
 + Level 3.6 Slings
 + Level 3.6 Bows
 + Level 3.6 Crossbows
 + Level 3.6 Throwing
 + Level 7.5 Armour
 + Level 3.6 Dodging
 + Level 3.6 Stealth
 + Level 7.5 Shields
 + Level 3.6 Unarmed Combat
 + Level 3.6 Spellcasting
 + Level 3.0 Conjurations
 + Level 3.0 Hexes
 + Level 3.0 Charms
 + Level 3.0 Summonings
 + Level 3.0 Necromancy
 + Level 3.0 Translocations
 + Level 3.0 Transmutations
 + Level 3.0 Fire Magic
 + Level 3.0 Ice Magic
 + Level 3.0 Air Magic
 + Level 3.0 Earth Magic
 + Level 3.0 Poison Magic
 + Level 4.0 Invocations
 + Level 3.6 Evocations


You had 14 spell levels left.
You didn't know any spells.
Your spell library was empty.

Dungeon Overview and Level Annotations

Branches:
Dungeon (5/15)
 Temple: D:4-7

Altars:
Hepliaklqana
Nemelex Xobeh
Vehumet
Zin
The Shining One


Innate Abilities, Weirdness & Mutations

Your experience applies equally to all skills.
You have very sharp teeth.
Your uncanny sense of smell can sniff out nearby items.


Message History

You take 3 damage, and have 87/100 hp.
You barely miss the vampire.
The vampire is moderately damaged.
The vampire hits you but does no damage.
You block the vampire's attack.
You hit the vampire but do no damage.
The vampire is moderately damaged.
The vampire mumbles some strange words.
The vampire flickers and vanishes!
Deactivating autopickup; reactivate with Ctrl-A.
Unknown command.
You miss something. Something completely misses you. Something bites you.
You hit something. Something hits you but does no damage.
You block something's attack.
You hit something. You block something's attack. Something bites you.
Something hits you. Something bites you but does no damage.
You take 6 damage, and have 81/100 hp.
You barely miss something. Something hits you but does no damage.
Something bites you.
You take 1 damage, and have 80/100 hp.
You hit something.
Something is infused with unholy energy, but nothing happens.
You hit something.
Your shield prevents you from hitting something.
You block something's attack. Something bites you but does no damage.
Something hits you but does no damage. Something bites you but does no damage.
You hit something but do no damage. Something hits you.
Something bites you but does no damage.
You take 5 damage, and have 75/100 hp.
You hit something but do no damage. Something hits you but does no damage.
Something bites you but does no damage.
You closely miss something. Something hits you but does no damage.
You block something's attack.
Your shield prevents you from hitting something.
Something hits you but does no damage. Something bites you but does no damage.
Something hits you but does no damage. Something bites you.
You take 2 damage, and have 73/100 hp.
You hit something.
Your transformation is almost over.
Something hits you. Something bites you but does no damage.
You take 1 damage, and have 72/100 hp.
You miss something. Something hits you but does no damage.
Something bites you but does no damage.
You closely miss something. Something hits you but does no damage.
Something bites you but does no damage.
You closely miss something. Something hits you.
Something bites you but does no damage. You block something's attack.
Something bites you but does no damage.
You take 4 damage, and have 69/100 hp.
You closely miss something.
You hear some strange, mumbled words.
Something tries to affect you, but you resist.
You hit something but do no damage. Something hits you but does no damage.
Something bites you but does no damage.
You miss something. Something hits you but does no damage.
Something bites you but does no damage.
You miss something.
You feel less wooden.
Your +0 helmet unmelds from your body.
Your +0 scale mail unmelds from your body.
Something hits you but does no damage. Something bites you but does no damage.
Something hits you! Something bites you but does no damage.
You now have 39/67 hp.
Unknown command.
Unknown command.
You hit something but do no damage. You block something's attack.
Something bites you but does no damage.
You hit something but do no damage. Something hits you but does no damage.
Something bites you!
You take 9 damage, and have 31/67 hp.
You feel very mighty all of a sudden. Something hits you!
* * * LOW HITPOINT WARNING * * *
Something bites you but does no damage.
You take 8 damage, and have 23/67 hp.
You miss something. Your bite misses something. Something hits you.
* * * LOW HITPOINT WARNING * * *
Something bites you.
* * * LOW HITPOINT WARNING * * *
You take 4 damage, and have 19/67 hp.
You barely miss something. Something hits you but does no damage.
Something bites you.
* * * LOW HITPOINT WARNING * * *
Something draws strength from your injuries!
Something hits you but does no damage. Something bites you but does no damage.
You take 3 damage, and have 16/67 hp.
You slice something!!
Unholy energy fills the air.
* * * LOW HITPOINT WARNING * * *
You take 6 damage, and have 10/67 hp.
You closely miss something.
Unholy energy fills the air.
* * * LOW HITPOINT WARNING * * *
You take 4 damage, and have 6/67 hp.
You are confused.
You feel invigorated. Something hits you!
* * * LOW HITPOINT WARNING * * *
Something bites you but does no damage.
You take 4 damage, and have 2/67 hp.
Unknown command.
Something hits you!
You die...

██████....███.█ ███.............
███<)....███.█ █.............
█..)[........█ █.............
█.█.█.█████..██ ██............
█.█...........█ ██...........
██.███.█.█.....████████..........
.......█.█.█......(.(███!........
.█.███.█.█...█.█{(.....██........
.█.█.█.█.█.█.█.█@......█████∆∆███
.█.█.█............█(.......█..█
.█.█...█.██..█.█..█.█.(......██
.█.█...█.......█..█.........██
.█........█...███.████.█....█
.█████....█.█.█.............█ .█
███.██.█.█.███.██.█....█ .█
█..█.█.█. █.██.█....█ .█
█..█.█.█. ██.█....█


There were no monsters in sight!

Vanquished Creatures
  Pikel (D:4)
  A komodo dragon (D:5)
  4 slaves (D:4)
  An ogre (D:4)
  2 phantoms (D:4)
  A bullfrog (D:4)
  A hound (D:4)
  3 orc priests
  A bullfrog skeleton (D:5)
  An orc wizard (D:5)
  3 worker ants (D:4)
  A killer bee zombie (D:5)
  A hound zombie (D:5)
  Robin (D:4)
  4 gnolls
  12 adders
  An ooze (D:2)
  4 worms
  2 dart slugs
  2 leopard geckos (D:2)
  10 orcs
  4 bats
  5 giant cockroaches
  19 goblins
  12 hobgoblins
  6 jackals
  13 kobolds
  5 quokkas
  2 ball pythons
  6 frilled lizards
  7 rats
136 creatures vanquished.

Vanquished Creatures (others)
  A frilled lizard (D:2)
1 creature vanquished.

Grand Total: 137 creatures vanquished

Notes
Turn   | Place    | Note
-------+----------+-------------------------------------------
     0 | D:1      | Goblin1989 the Gnoll Fighter began the quest for the Orb.
     0 | D:1      | Reached XP level 1. HP: 23/23 MP: 1/1
    91 | D:1      | Reached XP level 2. HP: 28/29 MP: 2/2
   306 | D:1      | Reached XP level 3. HP: 35/35 MP: 3/3
   970 | D:2      | Reached skill level 1 in Invocations
  1044 | D:2      | Reached skill level 1 in Short Blades
  1044 | D:2      | Reached skill level 1 in Long Blades
  1044 | D:2      | Reached skill level 1 in Maces & Flails
  1044 | D:2      | Reached skill level 1 in Polearms
  1044 | D:2      | Reached skill level 1 in Staves
  1044 | D:2      | Reached skill level 1 in Slings
  1044 | D:2      | Reached skill level 1 in Bows
  1044 | D:2      | Reached skill level 1 in Crossbows
  1044 | D:2      | Reached skill level 1 in Throwing
  1044 | D:2      | Reached skill level 1 in Dodging
  1044 | D:2      | Reached skill level 1 in Stealth
  1044 | D:2      | Reached skill level 1 in Unarmed Combat
  1044 | D:2      | Reached skill level 1 in Spellcasting
  1044 | D:2      | Reached skill level 1 in Evocations
  1044 | D:2      | Reached XP level 4. HP: 41/41 MP: 5/5
  1209 | D:2      | Found a radiant altar of Vehumet.
  1466 | D:2      | Reached skill level 1 in Conjurations
  1466 | D:2      | Reached skill level 1 in Hexes
  1466 | D:2      | Reached skill level 1 in Charms
  1466 | D:2      | Reached skill level 1 in Summonings
  1466 | D:2      | Reached skill level 1 in Necromancy
  1466 | D:2      | Reached skill level 1 in Translocations
  1466 | D:2      | Reached skill level 1 in Transmutations
  1466 | D:2      | Reached skill level 1 in Fire Magic
  1466 | D:2      | Reached skill level 1 in Ice Magic
  1466 | D:2      | Reached skill level 1 in Air Magic
  1466 | D:2      | Reached skill level 1 in Earth Magic
  1466 | D:2      | Reached skill level 1 in Poison Magic
  1642 | D:2      | Reached XP level 5. HP: 47/47 MP: 6/6
  1644 | D:2      | Found a glowing golden altar of the Shining One.
  3146 | D:4      | Noticed Robin
  3153 | D:4      | Killed Robin
  3153 | D:4      | Reached XP level 6. HP: 51/53 MP: 8/8
  3170 | D:4      | Reached skill level 5 in Axes
  3508 | D:4      | Noticed a phantom
  3532 | D:4      | Killed a phantom
  3532 | D:4      | Reached XP level 7. HP: 49/59 MP: 10/10
  3929 | D:4      | Found a sparkling altar of Nemelex Xobeh.
  3984 | D:4      | Noticed Pikel
  3990 | D:4      | Killed Pikel
  3990 | D:4      | Reached XP level 8. HP: 59/67 MP: 10/12
  4227 | D:4      | Found a hazy altar of Hepliaklqana.
  4612 | D:4      | Found a glowing silver altar of Zin.
  4860 | D:4      | Found a glowing golden altar of the Shining One.
  4914 | D:5      | Entered Level 5 of the Dungeon
  5136 | D:5      | Noticed a vampire
  5277 | D:5      | Noticed a komodo dragon
  5430 | D:5      | Killed a komodo dragon
  5840 | D:5      | HP: 2/67 [something (9)]
  5841 | D:5      | Slain by a vampire

Vault maps used:
D:1:      minmay_arrival_four_loops, serial_corexii_hall,
          corexii_hall_statues_deadend, corexii_hall_statues_i
D:2:      vehumet_crystals, nicolae_tso_carved_into_rock
D:4:      nemelex_xobeh_ov_fountains_minmay, zin_scriptorium,
          nicolae_overflow_hidden_temple, uniq_robin, uniq_pikel
D:5:      kennysheep_big_flooded_room, first_ration

Skill      XL: |  1  2  3  4  5  6  7  8 |
---------------+-------------------------+-----
Invocations    | 1 2 3 4 |  4.0
Short Blades   | 1 2 3 |  3.6
Long Blades    | 1 2 3 |  3.6
Maces & Flails | 1 2 3 |  3.6
Polearms       | 1 2 3 |  3.6
Staves         | 1 2 3 |  3.6
Slings         | 1 2 3 |  3.6
Bows           | 1 2 3 |  3.6
Crossbows      | 1 2 3 |  3.6
Throwing       | 1 2 3 |  3.6
Dodging        | 1 2 3 |  3.6
Stealth        | 1 2 3 |  3.6
Unarmed Combat | 1 2 3 |  3.6
Spellcasting   | 1 2 3 |  3.6
Evocations     | 1 2 3 |  3.6
Conjurations   | 1 2 3 |  3.0
Hexes          | 1 2 3 |  3.0
Charms         | 1 2 3 |  3.0
Summonings     | 1 2 3 |  3.0
Necromancy     | 1 2 3 |  3.0
Translocations | 1 2 3 |  3.0
Transmutations | 1 2 3 |  3.0
Fire Magic     | 1 2 3 |  3.0
Ice Magic      | 1 2 3 |  3.0
Air Magic      | 1 2 3 |  3.0
Earth Magic    | 1 2 3 |  3.0
Poison Magic   | 1 2 3 |  3.0
Axes           | 5 |  5.9
Fighting       | 7 |  7.5
Armour         | 7 |  7.5
Shields        | 7 |  7.5

Action                   |  1- 3 |  4- 6 |  7- 9 || total
-------------------------+-------+-------+-------++-------
Melee: War axe           |    71 |   199 |   148 ||   418
       Bite              |     8 |    20 |    17 ||    45
Throw: Tomahawk          |       |       |     2 ||     2
Evoke: Wand              |       |       |     2 ||     2
  Use: Potion            |       |       |     6 ||     6
 Stab: Sleeping          |       |       |     3 ||     3
  Eat: Chunk             |       |     9 |     7 ||    16
Armor: Scale mail        |    30 |    68 |    41 ||   139
       Skin              |       |       |    40 ||    40
Dodge: Dodged            |    27 |    71 |    41 ||   139
Block: Shield            |    40 |   123 |    74 ||   237

Table legend:
 A = Non-vault XP
 B = Vault XP
 C = Vault XP percentage of total XP
 D = Non-vault monster count
 E = Vault monster count
 F = Vault count percentage of total count
                 A         B        C        D         E       F
            +---------+---------+-------+---------+---------+-------
      Total |    1232 |    1061 |  46.3 |     118 |      14 |  10.6
            +---------+---------+-------+---------+---------+-------
        D:1 |      51 |       0 |   0.0 |      23 |       0 |   0.0
        D:2 |     133 |       0 |   0.0 |      35 |       0 |   0.0
        D:3 |     124 |       0 |   0.0 |      26 |       0 |   0.0
        D:4 |     749 |     700 |  48.3 |      20 |      13 |  39.4
        D:5 |     175 |     361 |  67.4 |      14 |       1 |   6.7
            +---------+---------+-------+---------+---------+-------

Vault maps used:
D:1:      minmay_arrival_four_loops, serial_corexii_hall,
          corexii_hall_statues_deadend, corexii_hall_statues_i
D:2:      vehumet_crystals, nicolae_tso_carved_into_rock
D:4:      nemelex_xobeh_ov_fountains_minmay, zin_scriptorium,
          nicolae_overflow_hidden_temple, uniq_robin, uniq_pikel
D:5:      kennysheep_big_flooded_room, first_ration
